 Dungeon Sprint DCSS version 0.30-a0-824-g6c64550be9 (webtiles) character file.

Game seed: 16497096273576203413

9400000 BigDaddyOpFi the Intangible (level 27, -8/228 HPs)
             Began as a Djinni Transmuter on Feb 27, 2023.
             Was the Champion of Makhleb.
             Killed by divine providence
             ... invoked by an observer
              (13 damage)
             ... in the Dungeon (Sprint VIII: "Arena of Blood").
             The game lasted 00:02:15 (94 turns).

BigDaddyOpFi the Intangible (Djinni Transmuter)       Turns: 94, Time: 00:02:16

Health: -8/228     AC:  4    Str:  9    XL:     27
Gold:   0          EV: 38    Int: 18    God:    Makhleb [******] SH:  0 Dex: 25

rFire   + + .      SeeInvis .    h - +∞ Axe of Woe
rCold   x . .      Faith    .    (shield currently unavailable)
rNeg    . . .      Spirit   .    a - +0 robe
rPois   ∞          Reflect  .    (no helmet)
rElec   .          Harm     .    (no cloak)
rCorr   .          Rampage  .    (no gloves)
Will    ++...      NoTele   +    (boots unavailable)
Stlth   ++++++++++               (no amulet)
HPRegen 0.58/turn                (no ring)
MPRegen 0.00/turn                (no ring)

@: wereblooded (expiring), flying
A: sickness immunity, fire resistance 2, cold vulnerability 1, float, innate
caster, HP casting, extra vitality 1
a: Renounce Religion, Minor Destruction, Lesser Servant of Makhleb, Major
Destruction, Greater Servant of Makhleb


You were in the Dungeon.
You worshipped Makhleb.
Makhleb was exalted by your worship.
You visited 1 branch

Inventory:

Hand Weapons
 h - the +∞ Axe of Woe (weapon)
   (You found it in the Dungeon)
Armour
 a - a +0 robe (worn)
Scrolls
 g - a scroll of blinking
Potions
 b - a potion of lignification
 c - a potion of curing
 d - a potion of heal wounds
 e - a potion of haste
 f - a potion of berserk rage


   Skills:
 O Level 27 Fighting
 O Level 27 Short Blades
 O Level 27 Long Blades
 O Level 27 Axes
 O Level 27 Maces & Flails
 O Level 27 Polearms
 O Level 27 Staves
 O Level 27 Ranged Weapons
 O Level 27 Throwing
 O Level 27 Armour
 O Level 27 Dodging
 O Level 27 Stealth
 O Level 27 Shields
 O Level 27 Unarmed Combat
 O Level 27 Spellcasting
 O Level 27 Invocations
 O Level 27 Evocations


You knew the following spells:

 Your Spells              Type           Power      Damage    Failure   Level
a - Beastly Appendage     Tmut           100%       N/A       0%          1
b - Wereblood             Tmut           88%        N/A       0%          2
c - Spider Form           Tmut/Pois      88%        N/A       0%          3
d - Ice Form              Ice/Tmut       88%        N/A       0%          4
e - Freeze                Ice            100%       1d10      0%          1
f - Static Discharge      Conj/Air       100%       2-7/arc   0%          2
g - Scorch                Fire           100%       2d10      0%          2
h - Teleport Other        Tloc           88%        N/A       0%          3
i - Sticky Flame          Conj/Fire      88%        2d10      0%          4
j - Agony                 Necr           88%        N/A       0%          5
k - Starburst             Conj/Fire      44%        6d12      0%          6
l - Dragon Form           Tmut           44%        N/A       1%          7
m - Malign Gateway        Summ/Tloc      44%        N/A       1%          7
n - Disjunction           Tloc           44%        N/A       1%          8
o - Maxwell's Capacitive  Air            44%        ∞         1%          8
p - Polar Vortex          Ice            44%        N/A       2%          9
q - Dragon's Call         Summ           44%        N/A       2%          9
Your spell library was empty.

Dungeon Overview and Level Annotations

Branches:
Dungeon (1/1)

Altars:
Makhleb


Innate Abilities, Weirdness & Mutations

You are immune to sickness and miasma.
You are immune to poison.
Your flesh is very heat resistant. (rF++)
You are vulnerable to cold. (rC-)
You float through the air rather than walking.
You learn spells naturally, not from books.
Your magical power is your life essence.
You have superior vitality. (+4 MHP)


Message History

The fireball explodes!
Deactivating autopickup; reactivate with Ctrl-A.
The fireball engulfs you! You resist.
You hear a shout! x2
The eight-headed meat hydra calls on the powers of darkness!
The eight-headed meat hydra convulses!
Something is bathed in an unholy light!
Your body is wracked with pain!
* * * LOW HITPOINT WARNING * * *
The bag of meat convulses!
The meat berserker convulses!
Something is bathed in an unholy light!
You hear a shout!
The accursed casts a spell at you. Something smites you!
* * * LOW HITPOINT WARNING * * *
Unknown command.
You slash the accursed!
You fatally mangle the accursed.
You feel a bit better.
You destroy the accursed!
Makhleb accepts your kill.
You feel better.
You feel extremely nervous for a moment...
Pain shoots through your body!!
* * * LOW HITPOINT WARNING * * *
You hear a shout! x8
The eight-headed meat hydra calls on the powers of darkness!
The eight-headed meat hydra convulses!
Something is bathed in an unholy light!
The bag of meat convulses!
Your body is wracked with pain!
* * * LOW HITPOINT WARNING * * *
The meat berserker convulses!
Something is bathed in an unholy light!
The bag of meat convulses!
Something is bathed in an unholy light!
The accursed points at you and mumbles some strange words.
Something smites you!
* * * LOW HITPOINT WARNING * * *
You feel something staring at you. Something smites you!
* * * LOW HITPOINT WARNING * * *
You hear a shout!
Unknown command.
You feel something staring at you. Something smites you!
You die...

......###........
......_.........
#...))#......
#_.<)_#......
..#...))#...o..
......_.........
..M...###..Mo....
.###..o.)))###...
#...O)@)# ..
#....)))#
.......D.{o
.............
.........{..#..
..........##...
#........#. ...
.........#.. ##


You could see 2 accurseds, an eight-headed meat hydra, a meat berserker
(berserk) and 4 bags of meat.

Vanquished Creatures
  10 hell beasts (D)
  4 royal mummies (D)
  A great orb of eyes (D)
  2 wraiths (D)
  10 vampire knights (D)
  29 ogres (D)
  6 two-headed ogres (D)
  4 liches (D)
  2 hydras (D)
  2 phantoms (D)
  50 orcs (D)
  3 skeletal warriors (D)
123 creatures vanquished.

Vanquished Creatures (others)
  An eldritch tentacle (D)
1 creature vanquished.

Grand Total: 124 creatures vanquished

Notes
Turn   | Place    | Note
-------+----------+-------------------------------------------
     0 | D        | Found the +∞ Axe of Woe
     0 | D        | BigDaddyOpFi the Djinni Transmuter began the quest for the
                  | Orb.
     0 | D        | BigDaddyOpFi set off with the following spells memorised:
                  | Beastly Appendage, Wereblood, Spider Form, Ice Form.
     0 | D        | Reached XP level 1. HP: 17/17 MP: 0/0
     1 | D        | Noticed a bag of meat
     2 | D        | Noticed a bag of meat
     2 | D        | Noticed a bag of meat
     3 | D        | Noticed a bag of meat
     3 | D        | Noticed a bag of meat
     3 | D        | Noticed a bag of meat
     4 | D        | Killed a bag of meat
     4 | D        | Killed a bag of meat
     4 | D        | Noticed a bag of meat
     4 | D        | Noticed a meat berserker
     4 | D        | Noticed a bag of meat
     4 | D        | Noticed a bag of meat
     5 | D        | Reached skill level 15 in Fighting
     5 | D        | Reached skill level 15 in Unarmed Combat
     5 | D        | Reached XP level 2. HP: 43/43 MP: 0/0
     5 | D        | Reached XP level 3. HP: 49/49 MP: 0/0
     5 | D        | Learned a level 1 spell: Freeze
     5 | D        | Reached XP level 4. HP: 55/55 MP: 0/0
     5 | D        | Reached XP level 5. HP: 60/60 MP: 0/0
     5 | D        | Learned a level 2 spell: Static Discharge
     5 | D        | Reached XP level 6. HP: 67/67 MP: 0/0
     5 | D        | Reached XP level 7. HP: 72/72 MP: 0/0
     5 | D        | Learned a level 2 spell: Scorch
     5 | D        | Reached XP level 8. HP: 78/78 MP: 0/0
     5 | D        | Reached XP level 9. HP: 84/84 MP: 0/0
     5 | D        | Learned a level 3 spell: Teleport Other
     5 | D        | Reached XP level 10. HP: 90/90 MP: 0/0
     5 | D        | Reached XP level 11. HP: 95/95 MP: 0/0
     5 | D        | Learned a level 4 spell: Sticky Flame
     5 | D        | Reached XP level 12. HP: 103/103 MP: 0/0
     6 | D        | Became a worshipper of Makhleb the Destroyer
     6 | D        | Noticed a bag of meat
     7 | D        | Killed a meat berserker
     7 | D        | Noticed a meat berserker
     8 | D        | Reached XP level 13. HP: 90/109 MP: 0/0
     8 | D        | Learned a level 5 spell: Agony
     8 | D        | Killed a bag of meat
     8 | D        | Reached * piety under Makhleb
     8 | D        | Killed a meat berserker
     8 | D        | Killed a bag of meat
     8 | D        | Killed a bag of meat
     8 | D        | Reached ** piety under Makhleb
     9 | D        | Reached XP level 14. HP: 117/117 MP: 0/0
     9 | D        | Reached XP level 15. HP: 123/123 MP: 0/0
     9 | D        | Learned a level 6 spell: Starburst
     9 | D        | Reached *** piety under Makhleb
     9 | D        | Noticed a meat berserker
    10 | D        | Reached XP level 16. HP: 130/130 MP: 0/0
    12 | D        | Reached **** piety under Makhleb
    12 | D        | Noticed a meat berserker
    13 | D        | Reached skill level 10 in Armour
    13 | D        | Reached skill level 10 in Shields
    13 | D        | Reached skill level 10 in Invocations
    13 | D        | Reached skill level 10 in Evocations
    13 | D        | Killed a meat berserker
    13 | D        | Noticed a meat berserker
    14 | D        | Reached skill level 10 in Short Blades
    14 | D        | Reached skill level 10 in Long Blades
    14 | D        | Reached skill level 10 in Staves
    14 | D        | Reached skill level 10 in Stealth
    14 | D        | Reached XP level 17. HP: 139/139 MP: 0/0
    14 | D        | Learned a level 7 spell: Dragon Form
    16 | D        | Noticed a meat berserker
    16 | D        | Noticed a meat berserker
    17 | D        | Killed a meat berserker
    17 | D        | Reached ***** piety under Makhleb
    18 | D        | Reached skill level 10 in Axes
    18 | D        | Reached skill level 10 in Maces & Flails
    18 | D        | Reached skill level 10 in Polearms
    18 | D        | Reached skill level 10 in Ranged Weapons
    18 | D        | Reached skill level 10 in Throwing
    18 | D        | Killed a meat berserker
    18 | D        | Killed a meat berserker
    19 | D        | Reached skill level 15 in Spellcasting
    19 | D        | Reached XP level 18. HP: 148/148 MP: 0/0
    20 | D        | Killed a meat berserker
    21 | D        | Reached XP level 19. HP: 155/155 MP: 0/0
    21 | D        | Learned a level 7 spell: Malign Gateway
    22 | D        | Noticed a meat berserker
    22 | D        | Noticed a large bag of meat
    23 | D        | Noticed a large bag of meat
    23 | D        | Noticed a meat berserker
    24 | D        | Noticed a destroyer
    24 | D        | Noticed a destroyer
    26 | D        | Noticed a destroyer
    26 | D        | Noticed a large bag of meat
    26 | D        | Noticed a large bag of meat
    27 | D        | Noticed a destroyer
    27 | D        | Killed a meat berserker
    27 | D        | Reached ****** piety under Makhleb
    28 | D        | Noticed a meat berserker
    29 | D        | Killed a destroyer
    30 | D        | Reached skill level 15 in Armour
    30 | D        | Reached skill level 15 in Shields
    30 | D        | Reached skill level 15 in Invocations
    30 | D        | Reached skill level 15 in Evocations
    30 | D        | Reached XP level 20. HP: 164/164 MP: 0/0
    30 | D        | Killed a destroyer
    30 | D        | Killed a large bag of meat
    30 | D        | Noticed a meat berserker
    31 | D        | Reached skill level 15 in Short Blades
    31 | D        | Reached skill level 15 in Long Blades
    31 | D        | Reached skill level 15 in Staves
    31 | D        | Reached skill level 15 in Stealth
    31 | D        | Killed a destroyer
    31 | D        | Killed a large bag of meat
    31 | D        | Killed a meat berserker
    31 | D        | Noticed a meat berserker
    32 | D        | Reached skill level 15 in Axes
    32 | D        | Reached skill level 15 in Polearms
    32 | D        | Reached skill level 15 in Ranged Weapons
    32 | D        | Reached skill level 15 in Throwing
    32 | D        | Reached XP level 21. HP: 98/175 MP: 0/0
    32 | D        | Learned a level 8 spell: Disjunction
    32 | D        | Noticed a destroyer
    32 | D        | Killed a destroyer
    32 | D        | Killed a large bag of meat
    32 | D        | Noticed a meat berserker
    33 | D        | Reached skill level 15 in Maces & Flails
    33 | D        | Reached XP level 22. HP: 125/182 MP: 0/0
    33 | D        | Killed a meat berserker
    33 | D        | Noticed a meat berserker
    34 | D        | Noticed a destroyer
    36 | D        | Killed a meat berserker
    36 | D        | Killed a meat berserker
    36 | D        | Noticed a large bag of meat
    36 | D        | Noticed a destroyer
    37 | D        | Reached XP level 23. HP: 187/192 MP: 0/0
    37 | D        | Learned a level 8 spell: Maxwell's Capacitive Coupling
    38 | D        | Killed a destroyer
    38 | D        | Noticed a destroyer
    40 | D        | Reached skill level 27 in Dodging
    40 | D        | Reached XP level 24. HP: 199/202 MP: 0/0
    42 | D        | Killed a destroyer
    42 | D        | Killed a destroyer
    44 | D        | Killed a destroyer
    44 | D        | Killed a large bag of meat
    44 | D        | Noticed a tyrant
    45 | D        | Reached skill level 27 in Unarmed Combat
    45 | D        | Reached XP level 25. HP: 205/212 MP: 0/0
    45 | D        | Learned a level 9 spell: Polar Vortex
    47 | D        | Reached skill level 27 in Fighting
    47 | D        | Noticed an accursed
    48 | D        | Noticed a tyrant
    50 | D        | Reached XP level 26. HP: 172/221 MP: 0/0
    50 | D        | Noticed a large bag of meat
    51 | D        | Noticed a destroyer
    52 | D        | Killed a tyrant
    52 | D        | Noticed a tyrant
    52 | D        | Noticed an accursed
    56 | D        | Killed a large bag of meat
    57 | D        | Killed a destroyer
    58 | D        | Killed an accursed
    58 | D        | Noticed a meat beast
    59 | D        | Reached XP level 27. HP: 109/228 MP: 0/0
    59 | D        | Learned a level 9 spell: Dragon's Call
    59 | D        | Noticed a meat beast
    59 | D        | Killed a large bag of meat
    60 | D        | Noticed a meat beast
    60 | D        | Noticed an accursed
    61 | D        | Killed a meat beast
    62 | D        | Reached skill level 27 in Armour
    62 | D        | Reached skill level 27 in Shields
    62 | D        | Reached skill level 27 in Invocations
    62 | D        | Reached skill level 27 in Evocations
    62 | D        | Killed a meat beast
    63 | D        | Reached skill level 27 in Short Blades
    63 | D        | Reached skill level 27 in Long Blades
    63 | D        | Reached skill level 27 in Staves
    63 | D        | Reached skill level 27 in Stealth
    63 | D        | Killed a tyrant
    63 | D        | Noticed a meat beast
    64 | D        | Killed a meat beast
    65 | D        | Reached skill level 27 in Axes
    65 | D        | Reached skill level 27 in Maces & Flails
    65 | D        | Reached skill level 27 in Polearms
    65 | D        | Reached skill level 27 in Ranged Weapons
    65 | D        | Reached skill level 27 in Throwing
    65 | D        | Reached skill level 27 in Spellcasting
    65 | D        | Noticed a meat beast
    66 | D        | Noticed a dread
    67 | D        | Killed a meat beast
    68 | D        | Killed an accursed
    70 | D        | Killed a meat beast
    70 | D        | Noticed a meat beast
    70 | D        | Noticed a dread
    72 | D        | Killed a tyrant
    73 | D        | HP: 10/228 [??? (8)]
    73 | D        | Noticed a meat beast
    74 | D        | Killed a meat beast
    74 | D        | Killed a dread
    74 | D        | Noticed a meat beast
    76 | D        | Killed a meat beast
    76 | D        | Noticed a tyrant
    76 | D        | Noticed a destroyer
    78 | D        | Noticed a meat beast
    78 | D        | Noticed a meat beast
    79 | D        | Killed a meat beast
    79 | D        | Killed a dread
    84 | D        | Killed a meat beast
    84 | D        | Noticed an accursed
    85 | D        | Killed a meat beast
    86 | D        | Killed a destroyer
    87 | D        | Killed a tyrant
    87 | D        | Killed an accursed
    90 | D        | Noticed an accursed
    90 | D        | Noticed an accursed
    93 | D        | Killed an accursed
    93 | D        | HP: 5/228 [something (10)]
    94 | D        | Killed from afar by an observer

Illustrated notes

Levels and vault maps discovered:
D:        meatsprint

Skill      XL: |  1  2  3  4  5  6  7  8  9 10 11 12 13 14 15 16 17 18 19 20 21 22 23 24 25 26 27 |
---------------+----------------------------------------------------------------------------------+-----
Fighting       | 15 16 17 18 19 20 22 24 25 26 27 | 27.0
Dodging        | 16 17 18 19 21 22 24 26 27 | 27.0
Unarmed Combat | 15 16 17 18 19 20 21 22 23 24 25 27 | 27.0
Spellcasting   | 12 13 14 15 16 17 18 19 20 21 22 23 27 | 27.0
Short Blades   | 3 6 8 10 12 14 16 18 19 21 22 24 27 | 27.0
Long Blades    | 3 6 8 10 12 14 16 18 19 21 22 24 27 | 27.0
Axes           | 3 6 7 9 11 13 15 17 18 19 20 22 27 | 27.0
Maces & Flails | 3 6 7 9 11 13 14 15 17 18 19 21 22 27 | 27.0
Polearms       | 3 6 7 9 11 13 15 17 18 20 21 22 27 | 27.0
Staves         | 4 7 8 10 12 14 16 17 18 19 21 22 24 27 | 27.0
Ranged Weapons | 3 6 7 9 11 13 15 17 18 19 20 22 27 | 27.0
Throwing       | 3 6 7 9 11 13 15 17 18 19 20 22 27 | 27.0
Armour         | 4 7 9 11 13 14 15 17 18 19 21 23 24 26 27 | 27.0
Stealth        | 3 7 8 10 12 14 16 17 18 19 21 22 24 27 | 27.0
Shields        | 4 7 9 11 13 14 15 17 18 20 21 23 24 26 27 | 27.0
Invocations    | 4 7 9 11 13 15 17 18 19 21 23 24 26 27 | 27.0
Evocations     | 4 7 8 10 13 15 17 18 20 21 23 24 26 27 | 27.0

Action                     |  1- 3 |  4- 6 |  7- 9 | 10-12 | 13-15 | 16-18 | 19-21 | 22-24 | 25-27 || total
---------------------------+-------+-------+-------+-------+-------+-------+-------+-------+-------++-------
  Melee: Executioner's axe |     1 |       |       |     1 |     2 |     8 |     5 |     9 |    40 ||    66
   Cast: Teleport Other    |       |       |       |       |       |     1 |     2 |     1 |       ||     4
         Spider Form       |       |       |       |       |       |     1 |       |       |       ||     1
         Wereblood         |       |       |       |       |       |       |       |     1 |       ||     1
         Malign Gateway    |       |       |       |       |       |       |       |       |     1 ||     1
Ability: End Transformatio |       |       |       |       |       |     1 |       |       |       ||     1
 Armour: Robe              |       |       |       |       |       |       |       |       |     2 ||     2
  Dodge: Dodged            |       |       |       |       |     1 |     2 |       |     1 |     4 ||     8

Table legend: (Time is in decaauts)
 A = Elapsed time spent in this place.
 B = Non-inter-level travel time spent in this place.
 C = Inter-level travel time spent in this place.
 D = Time resting spent in this place.
 E = Time spent auto-exploring this place.
 F = Levels seen in this place.
 G = Mean time per level.
                   A        B        C        D        E       F      G
               +--------+--------+--------+--------+--------+-----+--------+
         Total |     84 |     84 |      0 |      0 |      0 |   1 |   84.0 |
       Dungeon |     84 |     84 |      0 |      0 |      0 |   1 |   84.0 |
               +--------+--------+--------+--------+--------+-----+--------+

Top non-repeatable levels by time:
       D: 84 daAuts
